 Dungeon Crawl Stone Soup version 0.21-a0-270-g8204059 (console) character file.

1913 wup the Martial Artist (level 8, -20/69 HPs)
             Began as a Purple Draconian Transmuter on Sept 13, 2017.
             Killed from afar by a deep elf mage (34 damage)
             ... with a stone arrow
             ... on level 6 of the Dungeon.
             The game lasted 00:24:41 (6715 turns).

wup the Martial Artist (DrTm)                       Turns: 6715, Time: 00:24:42

Health: -20/69     AC:  8    Str: 13    XL:     8   Next: 95%
Magic:  11/11      EV: 15    Int: 13    God:
Gold:   553        SH:  0    Dex: 14    Spells: 7/11 levels left

rFire    + . .     SeeInvis .     - Unarmed
rCold    + . .     Gourm    .   (no shield)
rNeg     . . .     Faith    .   (armour unavailable)
rPois    +         Spirit   .   (helmet restricted)
rElec    +         Reflect  .   h - +1 cloak
rCorr    +         Harm     .   (no gloves)
MR       +....                  (boots currently unavailable)
Stlth    +.........             (no amulet)
HPRegen  0.21/turn              n - ring of poison resistance
MPRegen  0.12/turn              F - ring of wizardry

@: appendage (expiring), resistant
A: breathe power, unfitting armour, talons 3, cold-blooded, AC +6
a: Breathe Dispelling Energy, End Transformation


You were on level 6 of the Dungeon.
You were not hungry.
You had grown temporary talons.
You visited 1 branch of the dungeon, and saw 7 of its levels.

You collected 553 gold pieces.

Inventory:

Hand Weapons
 m - the +9 dagger of Xeiqa {chaos, Int+4, unknown}
   (You found it on level 5 of the Dungeon)

   Each time it hits an enemy it has a different, random effect.
   It affects your intelligence (+4).
 D - a +1 shortbow of freezing
Missiles
 a - 91 arrows
Armour
 h - a +1 cloak (worn)
 y - the +0 cloak "Isee" {rC- Str+5 Slay-3}
   (You found it on level 4 of the Dungeon)

   It affects your strength (+5).
   It affects your accuracy and damage with ranged weapons and melee attacks
   (-3).
   It makes you vulnerable to cold.
 C - a +0 pair of boots
Jewellery
 d - an uncursed ring of resist corrosion
 n - a ring of poison resistance (left hand)
 r - an uncursed amulet of inaccuracy
 F - a ring of wizardry (right hand)
Wands
 k - a wand of confusion (39/48)
 v - a wand of polymorph (14/24)
 B - a wand of lightning (5/15)
 I - a wand of iceblast (10/15)
Scrolls
 e - a scroll of fog
 f - 4 scrolls of recharging
 g - 2 scrolls of teleportation
 i - a scroll of magic mapping
 l - 2 scrolls of enchant armour
 o - a scroll of remove curse
 w - 2 scrolls of identify {unknown}
 z - a scroll of amnesia {unknown}
Potions
 j - a potion of curing {unknown}
 p - 2 potions of agility
 s - a potion of degeneration {unknown}
 t - a potion of heal wounds {unknown}
 u - a potion of resistance
 x - a potion of magic
 A - a potion of brilliance {unknown}
 H - a potion of flight {unknown}
Books
 b - a book of Changes

   Spells                             Type                      Level
   a - Beastly Appendage              Transmutation                1
   b - Sticks to Snakes               Transmutation                2
   c - Spider Form                    Transmutation/Poison         3
   d - Ice Form                       Ice/Transmutation            4
   e - Blade Hands                    Transmutation                5
Comestibles
 c - 9 bread rations
 E - 3 meat rations
 G - a royal jelly


   Skills:
 + Level 5.4 Fighting
 - Level 5.0 Dodging
 - Level 9.0 Unarmed Combat
 - Level 2.4 Spellcasting
 - Level 4.0 Transmutations


You had 7 spell levels left.
You knew the following spells:

 Your Spells              Type           Power        Failure   Level  Hunger
a - Beastly Appendage     Tmut           ##....       1%          1    #......
b - Spider Form           Tmut/Pois      #.........   13%         3    ###....


Dungeon Overview and Level Annotations

Branches:
Dungeon (7/15)
 Temple: D:4-7

Altars:
Fedhas
Kikubaaqudgha

Annotations:
D:4 MemeProof's ghost, novice MiFi


Innate Abilities, Weirdness & Mutations

You can breathe bolts of dispelling energy.
Your rich purple scales are hard. (AC +6)
You cannot fit into any form of body armour.
You are cold-blooded and may be slowed by cold attacks.
You have claws for feet.


Message History

The deep elf mage is severely wounded.
The deep elf mage hits you with a rapier!
You hit the deep elf mage.
The deep elf mage is severely wounded.
Your transformation is almost over.
The deep elf mage hits you with a rapier.
You completely miss the deep elf mage. You claw the deep elf mage.
The deep elf mage is almost dead.
You miss the deep elf mage.
The deep elf mage is almost dead.
The deep elf mage casts a spell at you. The stone arrow hits you!
* * * LOW HITPOINT WARNING * * *
You barely miss the deep elf mage.
The deep elf mage is almost dead.
The deep elf mage closely misses you.
You feel protected. The deep elf mage casts a spell at you.
The stone arrow hits you!
You die...

................#........#
..............>.#.....##.#
#####...........#........#
#...........#...).####
#.................#
#....###########..# #....#
+8.8'..#..# #....#
+..e'..#..#
#....#..+...@..#..#
###..#..#+++#..#..#
#..#..#...#..#..#
#..#..#...#..#..#
#..#..#...#..#..#
#..#..#...#..#.##
#..#..#...#..#.#
#..#..8...8..#.#
#......†.......#


You could see a deep elf mage.

Vanquished Creatures
  A yak (D:6)
  The ghost of spacecwb the Sneak, an amateur OpAs of Gozag (D:3)
  Edmund (D:6)
  2 sky beasts
  An ice beast (D:5)
  2 centaurs (D:6)
  2 bullfrogs (D:6)
  A wyvern skeleton (D:6)
  A scorpion (D:5)
  4 wights
  2 bullfrog zombies
  4 orc wizards
  A jelly (D:5)
  A hound (D:4)
  2 bullfrog skeletons (D:5)
  2 centaur skeletons
  Jessica (D:2)
  5 worker ants
  A hound skeleton (D:4)
  A howler monkey zombie (D:6)
  7 adders
  An adder zombie (D:6)
  2 worms
  3 dart slugs
  6 leopard geckos
  22 orcs
  8 bats
  7 giant cockroaches
  9 goblins
  12 hobgoblins
  9 jackals
  3 quokkas
  A ball python (D:3)
  8 frilled lizards
  5 kobolds
  A quokka skeleton (D:5)
  7 rats
147 creatures vanquished.

Notes
Turn   | Place    | Note
-------+----------+-------------------------------------------
     0 | D:1      | wup the Draconian Transmuter began the quest for the Orb.
     0 | D:1      | Reached XP level 1. HP: 16/16 MP: 3/3
   138 | D:1      | Reached XP level 2. HP: 22/23 MP: 1/5
   446 | D:1      | Reached skill level 4 in Unarmed Combat
   511 | D:1      | Reached XP level 3. HP: 15/28 MP: 6/6
   845 | D:2      | Found an ancient bone altar of Kikubaaqudgha.
  1417 | D:2      | Noticed Jessica
  1435 | D:2      | Killed Jessica
  1435 | D:2      | Reached skill level 5 in Unarmed Combat
  1435 | D:2      | Reached XP level 4. HP: 14/35 MP: 5/7
  2124 | D:3      | Noticed spacecwb's ghost (amateur OpAs)
  2144 | D:3      | Killed spacecwb's ghost
  2144 | D:3      | Reached XP level 5. HP: 46/46 MP: 8/8
  2565 | D:3      | Reached XP level 6. HP: 50/52 MP: 7/9
  2939 | D:4      | Found a blossoming altar of Fedhas.
  3006 | D:5      | Entered Level 5 of the Dungeon
  3034 | D:4      | Noticed MemeProof's ghost (novice MiFi)
  3261 | D:5      | Reached skill level 6 in Unarmed Combat
  3429 | D:5      | Noticed an ice beast
  3446 | D:5      | Killed an ice beast
  3446 | D:5      | Your scales start taking on a rich purple colour.
  3446 | D:5      | Reached XP level 7. HP: 59/59 MP: 8/10
  3618 | D:5      | Reached skill level 7 in Unarmed Combat
  3873 | D:5      | Got a transparent dagger
  4288 | D:4      | Got a jewelled cloak
  4299 | D:4      | Identified the +0 cloak "Isee" {rC- Str+5 Slay-3} (You found it on level 4 of the Dungeon)
  4597 | D:5      | Reached skill level 8 in Unarmed Combat
  4936 | D:6      | Reached XP level 8. HP: 38/66 MP: 9/11
  5162 | D:5      | HP: 3/66 [orc warrior/war axe (4)]
  5447 | D:6      | Noticed Edmund
  5491 | D:6      | Killed Edmund
  5603 | D:6      | Reached skill level 9 in Unarmed Combat
  5616 | D:6      | HP: 2/66 [centaur/arrow (2)]
  5621 | D:5      | HP: 3/66 [scorpion (1)]
  5977 | D:6      | Reached skill level 5 in Fighting
  6300 | D:6      | Learned a level 3 spell: Spider Form
  6517 | D:6      | Reached skill level 5 in Dodging
  6701 | D:6      | Noticed a deep elf mage
  6715 | D:6      | Killed from afar by a deep elf mage

Vault maps used:
D:1:      erik_arrival_triangle_small, minmay_hexomino_f4
D:2:      overflow_temple_1_default, first_bread, uniq_jessica
D:4:      fedhas_altar_4
D:6:      kennysheep_big_flooded_room, minivault_10, corexii_checkpoint_b,
          guppyfry_early_elven_hall, uniq_edmund
D:7:      lemuel_coloured_pillars_altar, minmay_temple_entry_butterflies,
          serial_shops, shop

Skill      XL: |  1  2  3  4  5  6  7  8 |
---------------+-------------------------+-----
Unarmed Combat | 4 5 6 8 9 |  9.0
Fighting       | 4 5 |  5.4
Dodging        | 2 3 5 |  5.0
Transmutations | 3 4 |  4.0
Spellcasting   | |  2.4

Action                   |  1- 3 |  4- 6 |  7- 9 || total
-------------------------+-------+-------+-------++-------
Melee: Unarmed           |   128 |   160 |   265 ||   553
       Tailslap          |    15 |    30 |    32 ||    77
       Kick              |     5 |    15 |    39 ||    59
       Headbutt          |    10 |    16 |    21 ||    47
       Punch             |     1 |     3 |     8 ||    12
 Cast: Beastly Appendage |    24 |    33 |    43 ||   100
Evoke: Wand              |       |     2 |     1 ||     3
  Use: Scroll            |       |     8 |     2 ||    10
       Potion            |       |       |     4 ||     4
 Stab: Sleeping          |     1 |     1 |       ||     2
       Confused          |       |     2 |       ||     2
  Eat: Chunk             |     2 |     8 |     9 ||    19
       Royal jelly       |       |       |     1 ||     1
Armor: Skin              |    37 |    53 |    57 ||   147
Dodge: Dodged            |    69 |   108 |   115 ||   292

Table legend:
 A = Spawn XP
 B = Non-spawn XP
 C = Spawn XP percentage of total XP
 D = Spawn monster count
 E = Non-spawn monster count
 F = Spawn count percentage of total count
 G = Total turns spent on level
                    A         B        C        D         E        F      G
               +---------+---------+-------+---------+---------+-------+---------
         Total |       0 |    2733 |   0.0 |       0 |     147 |   0.0 |  6715
               +---------+---------+-------+---------+---------+-------+---------
           D:1 |       0 |      59 |   0.0 |       0 |      26 |   0.0 |  1265
           D:2 |       0 |     101 |   0.0 |       0 |      23 |   0.0 |   780
           D:3 |       0 |     258 |   0.0 |       0 |      28 |   0.0 |   728
           D:4 |       0 |     223 |   0.0 |       0 |      14 |   0.0 |   847
           D:5 |       0 |     704 |   0.0 |       0 |      24 |   0.0 |  1819
           D:6 |       0 |    1388 |   0.0 |       0 |      32 |   0.0 |  1263
               +---------+---------+-------+---------+---------+-------+---------
